Cogmind - Beta 12 @@@ ROGUE MODE // 2023.09.17 @ 21:54:10 Player: david Result: Destroyed by D-53 Grenadier with Mini Grenade Launcher Performance ------------- Evolutions (0) 0 Regions Visited (2) 400 Robots Destroyed (34) 170 Value Destroyed (317) 317 Prototype IDs (2) 40 Alien Tech Used (0) 0 Bonus (60) 60 TOTAL SCORE: 987 Bonus ------- Follower Combat Kills 60 Cogmind --------- Core Integrity 0/250 Matter 300/300 Energy 100/100 System Corruption 0% Temperature Cool (0) Movement Walking (120) Location -10/Mines Parts ------- > --- POWER (1) -------- (None) > --- PROPULSION (2) --- Aluminum Leg > --- UTILITY (2) ------ Small Storage Unit Sensor Array > --- WEAPON (2) ------- Mining Claw > --- INVENTORY (8) ---- Light Ion Engine Weapon Shielding Datajack Peak State ------------ > --- POWER ------------ Light Ion Engine > --- PROPULSION ------- Aluminum Leg Aluminum Leg > --- UTILITY ---------- Small Storage Unit Improved Terrain Scanner > --- WEAPON ----------- Assault Rifle Grenade Launcher > --- INVENTORY -------- Medium Laser [Rating: 9] Favorites ----------- Power Light Ion Engine Engine Light Ion Engine Propulsion Aluminum Leg Leg Aluminum Leg Flight Unit Flight Unit Utility Small Storage Unit Device Sensor Array Storage Small Storage Unit Weapon Assault Rifle Energy Gun Medium Laser Ballistic Gun Assault Rifle Launcher Grenade Launcher Special Weapon Welding Torch Slashing Weapon Mining Claw Special Melee Weapon Datajack Build | -11 -10 -10 ------- Run | Jun Mat Min Slots Evolved . | . . . Power . | . . . Propulsion . | . . . Utility . | . . . Weapon . | . . . Parts Attached 29 | 6 23 . Power 4 | 1 3 . Engine 4 | 1 3 . Core . | . . . Reactor . | . . . Propulsion 8 | 2 6 . Treads . | . . . Leg 6 | 2 4 . Wheel . | . . . Hover . | . . . Flight 2 | . 2 . Utility 3 | 1 2 . Device 2 | 1 1 . Storage 1 | . 1 . Processor . | . . . Hackware . | . . . Protection . | . . . Artifact . | . . . Weapon 14 | 2 12 . Energy Gun 3 | 1 2 . Energy Cannon . | . . . Ballistic Gun 5 | 1 4 . Ballistic Cannon . | . . . Launcher 3 | . 3 . Special Weapon 1 | . 1 . Impact Weapon . | . . . Slashing Weapon 1 | . 1 . Piercing Weapon . | . . . Special Melee Weapon 1 | . 1 . Unidentified Prototypes . | . . . Parts Lost 3 | . . 3 Power 1 | . . 1 Propulsion 1 | . . 1 Utility . | . . . Weapon 1 | . . 1 Highest Loss Streak 3 | . . 3 To Critical Strikes . | . . . Average Slot Usage (%) 93 | . 93 96 Engine 10 | . 10 12 Leg 26 | . 26 26 Device 14 | . 14 14 Storage 14 | . 14 14 Energy Gun 3 | . 3 . Ballistic Gun 10 | . 10 12 Launcher 2 | . 2 . Slashing Weapon 9 | . 9 14 Special Melee Weapon 1 | . 1 . Naked Turns . | . . . Heaviest Build 14 | 6 14 13 Greatest Support 20 | 20 20 20 Greatest Overweight (x) 3 | . 3 . Average Overweight (x) . | . . . Largest Inventory Capacity 8 | 5 8 8 Average Capacity 7 | 5 7 8 Most Carried 7 | 2 7 3 Average Carried 3 | . 3 3 Final Capacity 8 | 5 8 8 Final Carried 3 | 1 3 3 Class Distribution -------------------- 100% | Mutant Dominant Class ---------------- Mutant | -10/Materials Mutant | -10/Mines Resources | -11 -10 -10 ----------- Run | Jun Mat Min Matter Collected 628 | 260 368 . Remotely . | . . . Salvage Created 763 | 154 562 47 Parts 75 | 7 65 3 Haulers Intercepted 2 | . 2 . Recyclers Shooed 1 | . 1 . Parts Field Recycled . | . . . Retrieved Matter . | . . . Parts Self-Destructed . | . . . Prevented . | . . . Kills | -11 -10 -10 ------- Run | Jun Mat Min Combat Hostiles Destroyed 11 | . 10 1 Melee 7 | . 6 1 Guns 1 | . 1 . AOE 3 | . 3 . Classes Destroyed 11 | 2 8 1 Worker 4 | . 4 . Builder 5 | . 5 . Tunneler 5 | 3 1 1 Hauler 2 | . 2 . Recycler 3 | 1 2 . Mechanic 1 | . 1 . Operator 2 | . 2 . Watcher 2 | . 2 . Swarmer 9 | . 9 . Grunt 1 | . 1 . Assembled 1 | . . 1 Best Kill Streak 8 | 2 8 1 Combat Bots Only 3 | . 3 1 Max Kills in Single Turn 4 | 1 4 1 Gunslinging . | . . . Exploded 1 | . 1 . Melee 1 | . 1 1 Uniques/NPCs Destroyed . | . . . Combat | -11 -10 -10 -------- Run | Jun Mat Min Damage Taken 775 | . 383 392 Core 257 | . 86 171 Absorbed by Shields . | . . . Regen/Repaired (Parts) 87 | . 87 . Core Remaining (%) 100 | 100 . . Volleys Fired 70 | 28 42 . Largest 2 | 1 2 . Hottest 80 | 50 80 . Shots Fired 78 | 28 50 . Gun 61 | 28 33 . Cannon . | . . . Launcher 12 | . 12 . Special 5 | . 5 . Kinetic 6 | . 6 . Thermal 60 | 28 32 . Explosive 12 | . 12 . Electromagnetic . | . . . Robot Hit Streak 6 | 5 6 . Robot Miss Streak 4 | 4 2 . Penetration Max . | . . . Secondary Targets . | . . . Shots Hit Robots 69 | 17 49 3 Core Hits 47 | 4 41 2 Critical Kills . | . . . Critical Parts Destroyed . | . . . Critical Strikes 5 | 3 2 . Burn 5 | 3 2 . Melee Attacks 31 | . 28 3 Impact . | . . . Slashing 28 | . 25 3 Piercing . | . . . Sneak Attacks 11 | . 10 1 Combat Hostiles . | . . . Follow-up Attacks . | . . . Damage Inflicted 1723 | 212 1405 106 Guns 508 | 212 296 . Cannons . | . . . Explosions 521 | . 521 . Melee 685 | . 579 106 Ramming . | . . . Kinetic 73 | . 73 . Thermal 444 | 212 232 . Explosive 521 | . 521 . Electromagnetic . | . . . Impact . | . . . Slashing 685 | . 579 106 Piercing . | . . . Highest Corruption . | . . . Average Corruption . | . . . Corruption Purged . | . . . Corruption Blocked . | . . . Overload Shots . | . . . Overflow Damage 45 | . 45 . Projectiles . | . . . Explosions 26 | . 26 . Melee 19 | . 19 . Knockbacks . | . . . Impact . | . . . Kinetic . | . . . Secondary . | . . . Self-Inflicted Damage . | . . . Shots . | . . . Rammed . | . . . Targets Rammed . | . . . Kicked . | . . . Crushed . | . . . Highest Temperature 90 | 90 80 . Average Temperature 30 | 35 26 . Received Heat Transfer 36 | . 36 . Siege Activations . | . . . Robots Corrupted . | . . . Combat Hostiles . | . . . Parts Fried . | . . . Impact Corruptions . | . . . Robots Melted 1 | . 1 . Combat Hostiles . | . . . Parts Melted 6 | 4 2 . Heat Transferred 1740 | 851 889 . Parts Sabotaged . | . . . Parts Stolen . | . . . Parts Stripped . | . . . Power Chain Reactions . | . . . Missiles Intercepted . | . . . Alert | -11 -10 -10 ------- Run | Jun Mat Min Peak Influence 194 | 20 194 116 Initial 75 | . 13 75 Average 62 | 7 67 74 Maximum Alert Level . | . . . Low Security (%) 100 | 100 100 100 Level 1 . | . . . Level 2 . | . . . Level 3 . | . . . Level 4 . | . . . Level 5 . | . . . High Security . | . . . Max Security . | . . . Squads Dispatched 2 | . 2 . Investigation 1 | . 1 . Extermination . | . . . Reinforcement 1 | . 1 . Assault . | . . . Garrison . | . . . Intercept . | . . . Searches Triggered . | . . . Construction Impeded . | . . . Haulers Reinforced . | . . . Active Scanning Responses . | . . . Cargo Convoy Interrupts . | . . . Stealth | -11 -10 -10 --------- Run | Jun Mat Min Distress Signals . | . . . Communications Jammed . | . . . Distress Signals . | . . . Times Spotted 30 | . 19 11 Peak Tracking Total 10 | . 3 10 Tactical Retreats 1 | . 1 . Traps | -11 -10 -10 ------- Run | Jun Mat Min Traps Triggered 4 | . 4 . Indirectly . | . . . Trap Hack Attempts . | . . . Triggered . | . . . Disarmed . | . . . Reprogrammed . | . . . Reused . | . . . Traps Extracted . | . . . Installed . | . . . Triggered . | . . . Machines | -11 -10 -10 ---------- Run | Jun Mat Min Machines Disabled 3 | . 3 . Max in Single Turn 2 | . 2 . Machines Repaired . | . . . Machines Sabotaged . | . . . Overloaded Fab Kills . | . . . Hacking | -11 -10 -10 --------- Run | Jun Mat Min Machines Accessed 7 | . 7 . Terminals 4 | . 4 . Fabricators . | . . . Repair Stations 1 | . 1 . Recycling Units 2 | . 2 . Scanalyzers . | . . . Garrison Access . | . . . Total Hacks 20 | . 20 . Successful 11 | . 11 . Failed 9 | . 9 . Catastrophic 2 | . 2 . Database Lockouts . | . . . Manual . | . . . Terminals 9 | . 9 . Fabricators . | . . . Repair Stations 5 | . 5 . Recycling Units 6 | . 6 . Scanalyzers . | . . . Garrison Access . | . . . Terminal Hacks 5 | . 5 . Record 1 | . 1 . Prototype ID Bank 1 | . 1 . Alert Level 1 | . 1 . Unreport Threat 1 | . 1 . Locate Traps 1 | . 1 . Fabricator Hacks . | . . . Repair Station Hacks 3 | . 3 . Scan Component 2 | . 2 . Repair 1 | . 1 . Recycling Unit Hacks 3 | . 3 . Recycle Component 1 | . 1 . Process 1 | . 1 . Report Inventory 1 | . 1 . Scanalyzer . | . . . Garrison Access Hacks . | . . . Unauthorized Hacks . | . . . Terminals . | . . . Fabricators . | . . . Repair Stations . | . . . Recycling Units . | . . . Scanalyzers . | . . . Garrison Access . | . . . Data Cores Recovered 1 | . 1 . Used . | . . . Hacking Detections 2 | . 2 . Full Trace Events 1 | . 1 . Feedback Events . | . . . Feedback Blocked . | . . . Robot Schematics Acquired . | . . . Robots Built . | . . . Authchips . | . . . Time . | . . . Total Robot Build Rating . | . . . Part Schematics Acquired . | . . . Parts Built . | . . . Authchips . | . . . Time . | . . . Total Part Build Rating . | . . . Parts Repaired 1 | . 1 . Time 26 | . 26 . Parts Recycled 1 | . 1 . Recycled Matter 13 | . 13 . Retrieved Matter . | . . . Retrieved Components . | . . . Parts Scanalyzed . | . . . Part Schematics Acquired . | . . . Parts Damaged . | . . . Bothacking | -11 -10 -10 ------------ Run | Jun Mat Min Used RIF Installer . | . . . Robots Hacked 2 | . 2 . Non-combat 2 | . 2 . Combat . | . . . Robot Hacks Applied 3 | . 3 . parse_system 1 | . 1 . no_distress 1 | . 1 . find_recycling 1 | . 1 . Relay Couplers Released . | . . . Fabnet Peak Effective % . | . . . Robots Rewired . | . . . Allies Hacked . | . . . Hacks Repelled . | . . . Allies | -11 -10 -10 -------- Run | Jun Mat Min Total Allies 3 | . . 3 Largest Group 3 | . . 3 Highest-Rated Group 40 | . . 40 Highest-Rated Ally 16 | . . 16 Total Orders . | . . . Ally Attacks 14 | . . 14 Total Damage 204 | . . 204 Kills 2 | . . 2 Allies Corrupted . | . . . Allies Melted . | . . . Intel | -11 -10 -10 ------- Run | Jun Mat Min Robot Analysis Total . | . . . Derelict Logs Recovered 1 | . . 1 Drone Launches . | . . . Drone Recoveries . | . . . Exploration | -11 -10 -10 ------------- Run | Jun Mat Min Turns Passed 1389 | 132 1131 126 Spaces Moved 875 | 56 724 95 Core 11 | 7 4 . Treads . | . . . Legs 858 | 49 714 95 Wheels . | . . . Hover . | . . . Flight 6 | . 6 . Fastest Speed 37 | 50 37 120 Average Speed 119 | 111 119 120 Slowest Speed 200 | 120 200 120 Overloaded Moves . | . . . Propulsion Burnouts . | . . . Robots Hopped . | . . . Cave-ins Triggered . | . . . Exploration Rate (%) 32 | 6 71 19 Regions Visited 2 Branch Regions 1 Pre-discovered Areas . | . . . Known Exits Taken . | . . . Unknown Exits Taken 2 | 1 1 . Scrap Searched 1 | . . 1 Spaces Dug 1 | . 1 . Terrain Destroyed 56 | . 56 . Melee 1 | . 1 . Projectile . | . . . AOE 55 | . 55 . Terrain Rammed . | . . . Walls Destroyed . | . . . Machines Disabled . | . . . Actions | -11 -10 -10 --------- Run | Jun Mat Min Total 1080 | 97 882 101 Wait 43 | . 40 3 Move 873 | 55 723 95 Hop . | . . . Pick Up 26 | 7 19 . Fast Attach . | . . . Attach 16 | 5 11 . Detach 1 | . 1 . Swap 13 | 1 12 . Drop 7 | 1 6 . Fire 70 | 28 42 . Melee 31 | . 28 3 Ram . | . . . Kick . | . . . Crush . | . . . Escape Stasis . | . . . Rewire . | . . . Trap . | . . . Miscellaneous . | . . . Route ------- -11/Junkyard -10/Materials (discovered 2 exits: [*Min x2]) -10/Mines (discovered 1 exit: Mat) History --------- Turn | Location | Event 17 | -11/Junkyard | Discovered new exit (range 14) 133 | -11/Junkyard | Entered Materials 266 | -10/Materials | Discovered new exit (range 8) 317 | -10/Materials | Build established: Mutant 1208 | -10/Materials | Repaired Aluminum Leg 1241 | -10/Materials | Discovered new exit (range 9) 1264 | -10/Materials | Entered Mines 1266 | -10/Mines | Assisted by bots powering up and referring to "LRC-V3" 1288 | -10/Mines | Identified exit to Materials 1360 | -10/Mines | Assembled infested the area 1385 | -10/Mines | Core integrity fell below 50% 1386 | -10/Mines | Core integrity fell below 20% 1390 | -10/Mines | Destroyed by D-53 Grenadier with Mini Grenade Launcher Last Messages --------------- 01382_ Lgt. Ion Engine destroyed. 01383_ as-45259 destroyed. 01383_ Assault Rifle destroyed. 01383_ as-51847 destroyed. 01383_ as-79154 destroyed. 01383_ R-06 Scavenger destroyed. 01383_ Trooper 1b destroyed. 01383_ T-07 Excavator destroyed. 01383_ K-01 Serf collects debris. 01385_ as-15386 destroyed. 01385_ as-97688 destroyed. 01385_ Trooper 1a destroyed. 01386_ as-91934 destroyed. 01386_ as-30910 destroyed. 01386_ R-06 Scavenger destroyed. 01387_ The unstable cave ceiling collapses. 01387_ K-01 Serf collects debris. 01387_ U-05 Engineer lays Concrete. 01388_ K-01 Serf destroyed. 01389_ U-05 Engineer lays Concrete. Map ----- +----------------------------------------------------+ | ??# #??????????????????????????????????????????? | | ### ##?????????????????????????????????????????? | | # #?????????????????????????????????????????? | | # #?????????????????????????????????????????? | | # #?????????????????????????????????????????? | | # #?????????????????????????????????????????? | | # #######???????????????????????????????????? | | # #???????????????????????????????????? | | # ##### #???????????????????????????????????? | | ########???# #???????########????????????????????? | | ???????????# #???????# #????????????????????? | | ???????????# #####???# ! #????????????????????? | | ???????????# #???# !! #????????????????????? | | ???????????#### #???# !! ###??????????????????? | | ??????????????# #???# !! ##?????????????????? | | ??????????????# #???? #?????????????????? | | ??????????????# #?????# #?????????????????? | | ??????????????# #??????# #??????????????????? | | ??????????????# #??????# #???????????????????? | | ??????????????# #??????# ##???????????????????? | | ??????????##??# #???#### ##????????????????????? | | ??????????# ### #??## # ###???????#???????????? | | ??????????# % #??# ##???? ### #???????? | | ??????????# ### #??# #### ????????? | | ??????????##### #??## a #????????????? | | ???????????## #### @ %[ #????????????? | | ???????????# ! u = ##????????????? | | ???????????# /%! | #?????????????? | | ???????????# ##### *d #?????????????? | | ???????????## ###???# %!| ##?????????????? | | ????????????###??????# [% #??????????????? | | ?????????????????????## d ####??????????????? | | ?????????????????????# %#######?????????????????? | | ???????????????????? ???????????????????????? | | ??????????????????? #???????????????????????? | | ?????????????????? t ###???????????????????????? | | ????????????????? #??????????????????????????? | | ???????????????? ##???????????????????????????? | | ????????????????# #?????????????????????????????? | | ??????????????????#??????????????????????????????? | | ?????????????????????????????????????????????????? | | ?????????????????????????????????????????????????? | | ?????????????????????????????????????????????????? | | ?????????????????????????????????????????????????? | | ?????????????????????????????????????????????????? | | ?????????????????????????????????????????????????? | | ?????????????????????????????????????????????????? | | ?????????????????????????????????????????????????? | | ?????????????????????????????????????????????????? | | ?????????????????????????????????????????????????? | +----------------------------------------------------+ Best States ------------- Heat Dissipation 25 Energy Generation 10 Energy Capacity 125 Matter Stores 300 Matter Capacity 300 Sight Range 16 Robot Scan Range 14 Terrain Scan Range 16 Terrain Scan Density 10 Evasion (%) 55 Item Schematics ----------------- None Robot Schematics ------------------ None Fabricated ------------ Nothing Alien Tech Used ----------------- None Achievements -------------- None Challenges ------------ None Game ------ Seed DiametricXenonRailgun Manual? 0 Play Time 00:25:11 Cumulative 13.2 hours Start 2023.09.17 @ 21:22:20 End 2023.09.17 @ 21:54:10 Sessions 1 Manual Loads 0 Difficulty Rogue Special Mode None Game No. 20 Rogue 20 Adventurer 0 Explorer 0 Win Type - Total 0 Types 0/0/0/0/0/0/0/0/0 Lore% 15 Gallery% 24 Achievement% 19 Wizard Run 0 Options --------- ASCII 0 Keyboard 0 Movement Mouse Keybinds 0 Fullscreen 1 Font 16/Terminus Map View 76x50 Tactical HUD 1 Map Filters NONE Filters NONE Steam 1 RUN: 64cc7215-d281-4559-be25-c4bf95ed7df1